TOP OF THE 1ST |
Montgomery Biscuits batting - Pitching for BlackIron Dragons : RHP León Delgado
|
Pitching: RHP León Delgado
|
|
Batting: RHB Dave Sawyer
|
0-0: Ball 1-0: Called Strike 1-1: Ball 2-1: Foul Ball, location: 2F 2-2: Strikes out swinging
|
Batting: LHB Amlak Saitoti
|
0-0: Ball 1-0: Ball 2-0: Called Strike 2-1: SINGLE (Groundball, 6D)
|
Batting: LHB Ron Young
|
0-0: SINGLE (Flyball, 8LS) Amlak Saitoti to second
|
Batting: LHB Francisco Romo
|
0-0: Called Strike 0-1: Foul Ball, location: 2F 0-2: Foul Ball, location: 2F 0-2: Ball 1-2: Ball 2-2: Foul Ball, location: 2F 2-2: Ball 3-2: Fielders Choice at 2nd, 1-6 (Groundball, 13S) Amlak Saitoti to third
|
Batting: SHB Lawrence Farley
|
0-0: Ball 1-0: Fielders Choice at 2nd, 5-4 (Groundball, 5)
|
Top of the 1st over - 0 runs, 2 hits, 0 errors, 2 left on base; Montgomery 0 - BlackIron 0 |
BOTTOM OF THE 1ST |
BlackIron Dragons batting - Pitching for Montgomery Biscuits : RHP Cody Nichols
|
Pitching: RHP Cody Nichols
|
|
Batting: RHB Joaquín Valenzuela
|
0-0: Ball 1-0: Ball 2-0: Called Strike 2-1: Ball 3-1: Called Strike 3-2: Base on Balls
|
Batting: RHB Randall Walker
|
0-0: Ball 1-0: Foul Ball, location: 2F 1-1: Fly out, F7 (Flyball, 7LM)
|
Batting: LHB José Martínez
|
0-0: Foul Ball, location: 2F 0-1: Ball 1-1: Ball 2-1: Foul Ball, location: 2F 2-2: Foul Ball, location: 2F 2-2: Fly out, F4 (Flyball, 34D)
|
Batting: RHB Foster Hapgood
|
0-0: Called Strike 0-1: Called Strike 0-2: Ball 1-2: SINGLE (Line Drive, 7S) Joaquín Valenzuela to second Runner from 2nd tries for 3rd, SAFE, no throw
|
Batting: RHB Iván Granados
|
0-0: Called Strike 0-1: Ball 1-1: Ball 2-1: SINGLE (Groundball, 6MD) Joaquín Valenzuela scores Foster Hapgood to second Runner from 2nd tries for 3rd, SAFE, no throw
|
Batting: RHB Millard Long
|
0-0: Ball 1-0: Called Strike 1-1: Called Strike 1-2: Ball 2-2: Ball 3-2: Ground out 6-3 (Groundball, 6)
|
Bottom of the 1st over - 1 run, 2 hits, 0 errors, 2 left on base; Montgomery 0 - BlackIron 1 |
TOP OF THE 2ND |
Montgomery Biscuits batting - Pitching for BlackIron Dragons : RHP León Delgado
|
Batting: LHB Gilbert Stegall
|
0-0: Ball 1-0: Ground out 4-3 (Groundball, 4)
|
Batting: RHB Dave McGuire
|
0-0: Foul Ball, location: 2F 0-1: Called Strike 0-2: Foul Ball, location: 2F 0-2: Ball 1-2: Ground out 5-3 (Groundball, 56)
|
Batting: RHB Kyle Vélez
|
0-0: Called Strike 0-1: Swinging Strike 0-2: Strikes out swinging
|
Top of the 2nd over - 0 runs, 0 hits, 0 errors, 0 left on base; Montgomery 0 - BlackIron 1 |
BOTTOM OF THE 2ND |
BlackIron Dragons batting - Pitching for Montgomery Biscuits : RHP Cody Nichols
|
Batting: RHB Júlio Rodríguez
|
0-0: Ball 1-0: Called Strike 1-1: Swinging Strike 1-2: Foul Ball, location: 2F 1-2: Foul Ball, location: 2F 1-2: Ball 2-2: Ball 3-2: Ground out 6-3 (Groundball, 6)
|
Batting: RHB Jake Erickson
|
0-0: Called Strike 0-1: Ball 1-1: Ball 2-1: Called Strike 2-2: Ground out 6-3 (Groundball, 56)
|
Batting: LHB Joe Baker
|
0-0: Foul Ball, location: 2F 0-1: Ball 1-1: Called Strike 1-2: Ground out 4-3 (Groundball, 4M)
|
Bottom of the 2nd over - 0 runs, 0 hits, 0 errors, 0 left on base; Montgomery 0 - BlackIron 1 |
TOP OF THE 3RD |
Montgomery Biscuits batting - Pitching for BlackIron Dragons : RHP León Delgado
|
Batting: RHB Jorge Guzmán
|
0-0: Ball 1-0: Foul Ball, location: 2F 1-1: Foul Ball, location: 2F 1-2: Ball 2-2: Ball 3-2: Base on Balls
|
Batting: RHB Dave Sawyer
|
0-0: SINGLE (Flyball, 7S) Jorge Guzmán to second
|
Batting: LHB Amlak Saitoti
|
0-0: Ball 1-0: Ball 2-0: Fielders Choice at 2nd, 4-6 (Groundball, 4) Jorge Guzmán to third
|
Batting: LHB Ron Young
|
0-0: Called Strike Amlak Saitoti steals 2nd base 0-1: Ball 1-1: Fly out, F9 (Flyball, 89XD) Runner from 3rd tags up, SCORES, no throw Amlak Saitoti to third
|
Batting: LHB Francisco Romo
|
0-0: Called Strike 0-1: Ground out 4-3 (Groundball, 34)
|
Top of the 3rd over - 1 run, 1 hit, 0 errors, 1 left on base; Montgomery 1 - BlackIron 1 |
BOTTOM OF THE 3RD |
BlackIron Dragons batting - Pitching for Montgomery Biscuits : RHP Cody Nichols
|
Batting: RHB Joaquín Valenzuela
|
0-0: Called Strike 0-1: Ball 1-1: Ball 2-1: Ball 3-1: Base on Balls
|
Batting: RHB Randall Walker
|
0-0: Ball 1-0: Swinging Strike 1-1: Fly out, F9 (Flyball, 9)
|
Batting: LHB José Martínez
|
0-0: Ball 1-0: Ball 2-0: Ball 3-0: Base on Balls Joaquín Valenzuela to second
|
Batting: RHB Foster Hapgood
|
0-0: Ball Wild Pitch! Joaquín Valenzuela to third José Martínez to second 1-0: SINGLE (Groundball, 34D) Joaquín Valenzuela scores José Martínez to third
|
Batting: RHB Iván Granados
|
0-0: Swinging Strike 0-1: Ball Foster Hapgood steals 2nd base 1-1: Ball 2-1: Ball 3-1: Fly out, F5 (Line Drive, 56)
|
Batting: RHB Millard Long
|
0-0: Fly out, F9 (Flyball, 89D)
|
Bottom of the 3rd over - 1 run, 1 hit, 0 errors, 2 left on base; Montgomery 1 - BlackIron 2 |
TOP OF THE 4TH |
Montgomery Biscuits batting - Pitching for BlackIron Dragons : RHP León Delgado
|
Batting: SHB Lawrence Farley
|
0-0: Ball 1-0: Foul Ball, location: 2F 1-1: Foul Ball, location: 2F 1-2: Ball 2-2: Ground out 6-3 (Groundball, 6)
|
Batting: LHB Gilbert Stegall
|
0-0: Foul Ball, location: 2F 0-1: Foul Ball, location: 2F 0-2: Ground out 6-3 (Groundball, 56)
|
Batting: RHB Dave McGuire
|
0-0: Foul Ball, location: 2F 0-1: Ball 1-1: Foul Ball, location: 2F 1-2: Fly out, F4 (Flyball, 34D)
|
Top of the 4th over - 0 runs, 0 hits, 0 errors, 0 left on base; Montgomery 1 - BlackIron 2 |
BOTTOM OF THE 4TH |
BlackIron Dragons batting - Pitching for Montgomery Biscuits : RHP Cody Nichols
|
Batting: RHB Júlio Rodríguez
|
0-0: Ground out 6-3 (Groundball, 6D)
|
Batting: RHB Jake Erickson
|
0-0: Called Strike 0-1: Called Strike 0-2: Foul Ball, location: 2F 0-2: SINGLE (Line Drive, 78S)
|
Batting: LHB Joe Baker
|
0-0: Swinging Strike 0-1: Ball 1-1: Ball Jake Erickson steals 2nd base 2-1: Swinging Strike 2-2: Foul Ball, location: 2F 2-2: Foul Ball, location: 2F 2-2: Foul Ball, location: 2F 2-2: Strikes out looking
|
Batting: RHB Joaquín Valenzuela
|
0-0: Fly out, F7 (Flyball, 7)
|
Bottom of the 4th over - 0 runs, 1 hit, 0 errors, 1 left on base; Montgomery 1 - BlackIron 2 |
TOP OF THE 5TH |
Montgomery Biscuits batting - Pitching for BlackIron Dragons : RHP León Delgado
|
Batting: RHB Kyle Vélez
|
0-0: Ball 1-0: Foul Ball, location: 2F 1-1: Ball 2-1: Foul Ball, location: 2F 2-2: Strikes out swinging
|
Batting: RHB Jorge Guzmán
|
0-0: Ball 1-0: Ball 2-0: Foul Ball, location: 2F 2-1: Foul Ball, location: 2F 2-2: Foul Ball, location: 2F 2-2: Strikes out looking
|
Batting: RHB Dave Sawyer
|
0-0: Ground out 5-3 (Groundball, 5S)
|
Top of the 5th over - 0 runs, 0 hits, 0 errors, 0 left on base; Montgomery 1 - BlackIron 2 |
BOTTOM OF THE 5TH |
BlackIron Dragons batting - Pitching for Montgomery Biscuits : RHP Cody Nichols
|
Batting: RHB Randall Walker
|
0-0: Foul Ball, location: 2F 0-1: Ball 1-1: Called Strike 1-2: Foul Ball, location: 2F 1-2: Foul Ball, location: 2F 1-2: Ball 2-2: Strikes out swinging
|
Batting: LHB José Martínez
|
0-0: Called Strike 0-1: Ball 1-1: Ball 2-1: Ground out 3-1 (Groundball, 34S)
|
Batting: RHB Foster Hapgood
|
0-0: SOLO HOME RUN (Line Drive, 8RXD), Distance : 433 ft
|
Batting: RHB Iván Granados
|
0-0: Ball 1-0: Ball 2-0: Ball 3-0: Called Strike 3-1: Base on Balls
|
Pitching: RHP Ron Simmons
|
|
Batting: RHB Millard Long
|
0-0: Ball 1-0: Foul Ball, location: 2F 1-1: Ball 2-1: Foul Ball, location: 2F 2-2: Ball 3-2: Foul Ball, location: 2F 3-2: Ground out 4-3 (Groundball, 4MD)
|
Bottom of the 5th over - 1 run, 1 hit, 0 errors, 1 left on base; Montgomery 1 - BlackIron 3 |
TOP OF THE 6TH |
Montgomery Biscuits batting - Pitching for BlackIron Dragons : RHP León Delgado
|
Batting: LHB Amlak Saitoti
|
0-0: Bunted foul 0-1: Fly out, F7 (Flyball, 7)
|
Batting: LHB Ron Young
|
0-0: Ball 1-0: Foul Ball, location: 2F 1-1: Fly out, F8 (Flyball, 8LS)
|
Batting: LHB Francisco Romo
|
0-0: Ball 1-0: Ball 2-0: Ball 3-0: Base on Balls
|
Pitching: RHP José Moreno
|
|
Batting: SHB Lawrence Farley
|
0-0: Ball 1-0: Called Strike 1-1: Foul Ball, location: 2F 1-2: Ground out 4-3 (Groundball, 4)
|
Top of the 6th over - 0 runs, 0 hits, 0 errors, 1 left on base; Montgomery 1 - BlackIron 3 |
BOTTOM OF THE 6TH |
BlackIron Dragons batting - Pitching for Montgomery Biscuits : RHP Ron Simmons
|
Batting: RHB Júlio Rodríguez
|
0-0: Called Strike 0-1: Ball 1-1: Swinging Strike 1-2: Foul Ball, location: 2F 1-2: Ball 2-2: Strikes out swinging
|
Batting: RHB Jake Erickson
|
0-0: Ball 1-0: Ball 2-0: Called Strike 2-1: Ball 3-1: Base on Balls
|
Batting: LHB Joe Baker
|
0-0: Ball Jake Erickson steals 2nd base 1-0: SINGLE (Groundball, 34D) Jake Erickson to third Runner from 3rd tries for Home, SAFE, no throw
|
Batting: RHB Joaquín Valenzuela
|
0-0: Called Strike 0-1: Called Strike 0-2: Strikes out swinging
|
Batting: RHB Randall Walker
|
0-0: Ball 1-0: Ball Joe Baker steals 2nd base 2-0: SINGLE (Groundball, 56D) Joe Baker to third Runner from 3rd tries for Home, SAFE, no throw
|
Batting: LHB José Martínez
|
0-0: Ball 1-0: Called Strike 1-1: Called Strike 1-2: Foul Ball, location: 2F 1-2: Ball 2-2: Foul Ball, location: 2F 2-2: Foul Ball, location: 2F 2-2: Strikes out swinging
|
Bottom of the 6th over - 2 runs, 2 hits, 0 errors, 1 left on base; Montgomery 1 - BlackIron 5 |
TOP OF THE 7TH |
Montgomery Biscuits batting - Pitching for BlackIron Dragons : RHP José Moreno
|
Batting: LHB Gilbert Stegall
|
0-0: Ball 1-0: Ball 2-0: Ball 3-0: Called Strike 3-1: Foul Ball, location: 2F 3-2: Foul Ball, location: 2F 3-2: SINGLE (Line Drive, 8RS)
|
Batting: RHB Dave McGuire
|
0-0: Ball 1-0: Ball 2-0: Called Strike 2-1: Foul Ball, location: 2F 2-2: Ball 3-2: Foul Ball, location: 2F 3-2: Base on Balls Gilbert Stegall to second
|
Batting: RHB Kyle Vélez
|
0-0: Foul Ball, location: 2F 0-1: SINGLE (Groundball, 6MD) Gilbert Stegall to third Dave McGuire to second Runner from 3rd tries for Home, SAFE, no throw
|
Batting: RHB Jorge Guzmán
|
0-0: Ball 1-0: Swinging Strike 1-1: Ball 2-1: Called Strike 2-2: Foul Ball, location: 2F 2-2: Strikes out swinging
|
Batting: RHB Dave Sawyer
|
0-0: Swinging Strike 0-1: Ball 1-1: Grounds into double play, 6-4-3 (Groundball, 6)
|
Top of the 7th over - 1 run, 2 hits, 0 errors, 1 left on base; Montgomery 2 - BlackIron 5 |
BOTTOM OF THE 7TH |
BlackIron Dragons batting - Pitching for Montgomery Biscuits : RHP Ron Simmons
|
Pitching: LHP Alberto Macías
|
|
Batting: RHB Foster Hapgood
|
0-0: Called Strike 0-1: SOLO HOME RUN (Flyball, 9LD), Distance : 391 ft
|
Batting: RHB Iván Granados
|
0-0: Ball 1-0: SINGLE (Groundball, 6MD)
|
Batting: RHB Millard Long
|
0-0: Ball 1-0: Sac Bunt - play at first, batter OUT! 3-4 Iván Granados to second
|
Batting: RHB Júlio Rodríguez
|
0-0: Intentional Walk
|
Batting: RHB Jake Erickson
|
0-0: Called Strike 0-1: Foul Ball, location: 2F 0-2: Ball 1-2: Fly out, F9 (Flyball, 89S)
|
Batting: LHB Joe Baker
|
0-0: Ball 1-0: Ball 2-0: Ball 3-0: Called Strike 3-1: Base on Balls Iván Granados to third Júlio Rodríguez to second
|
Batting: RHB Joaquín Valenzuela
|
0-0: Ball 1-0: Fly out, F4 (Popup, 4M)
|
Bottom of the 7th over - 1 run, 2 hits, 0 errors, 3 left on base; Montgomery 2 - BlackIron 6 |
TOP OF THE 8TH |
Montgomery Biscuits batting - Pitching for BlackIron Dragons : RHP José Moreno
|
Batting: LHB Amlak Saitoti
|
0-0: Ground out 4-3 (Groundball, 4)
|
Batting: LHB Ron Young
|
0-0: Called Strike 0-1: Foul Ball, location: 2F 0-2: Strikes out swinging
|
Batting: LHB Francisco Romo
|
0-0: Ball 1-0: Ball 2-0: Ground out 4-3 (Groundball, 4)
|
Top of the 8th over - 0 runs, 0 hits, 0 errors, 0 left on base; Montgomery 2 - BlackIron 6 |
BOTTOM OF THE 8TH |
BlackIron Dragons batting - Pitching for Montgomery Biscuits : LHP Alberto Macías
|
Batting: RHB Randall Walker
|
0-0: Reached on error, E6 (Groundball, 6M)
|
Batting: LHB José Martínez
|
0-0: Ball Randall Walker steals 2nd base 1-0: Called Strike 1-1: Ball 2-1: Foul Ball, location: 2F 2-2: Ball 3-2: Foul Ball, location: 2F 3-2: Base on Balls
|
Batting: RHB Foster Hapgood
|
0-0: Called Strike Randall Walker steals 3rd base 0-1: Ball 1-1: Ball 2-1: Ball 3-1: Base on Balls José Martínez to second
|
Batting: RHB Iván Granados
|
0-0: Foul Ball, location: 2F 0-1: Ball 1-1: Ball 2-1: Foul Ball, location: 2F 2-2: Reached on error, E6 (Line Drive, 56) Randall Walker scores José Martínez to third Foster Hapgood to second
|
Batting: RHB Millard Long
|
0-0: Ball 1-0: Ball 2-0: Ball 3-0: Called Strike 3-1: Base on Balls José Martínez scores Foster Hapgood to third Iván Granados to second
|
Batting: RHB Júlio Rodríguez
|
0-0: Called Strike 0-1: Foul Ball, location: 2F 0-2: Ball 1-2: Grounds into double play, 5-4-3 (Groundball, 56) Foster Hapgood scores Iván Granados to third
|
Batting: RHB Jake Erickson
|
0-0: Called Strike 0-1: Ball 1-1: Ball 2-1: Ball 3-1: Base on Balls
|
Batting: LHB Joe Baker
|
0-0: Fly out, F8 (Flyball, 8LS)
|
Bottom of the 8th over - 3 runs, 0 hits, 2 errors, 2 left on base; Montgomery 2 - BlackIron 9 |
TOP OF THE 9TH |
Montgomery Biscuits batting - Pitching for BlackIron Dragons : RHP José Moreno
|
Now at C: Luis Méndez
|
|
Now at 1B: Roderick Silva
|
|
Now in LF: Alexander Barr
|
|
Now in CF: Miguel Barrón
|
|
Batting: SHB Lawrence Farley
|
0-0: Called Strike 0-1: Ball 1-1: Ball 2-1: Ball 3-1: Base on Balls
|
Pitching: LHP Desi Wells
|
|
Batting: LHB Gilbert Stegall
|
0-0: Ball 1-0: Ball 2-0: Foul Ball, location: 2F 2-1: Foul Ball, location: 2F 2-2: Fly out, F9 (Flyball, 89D)
|
Batting: RHB Dave McGuire
|
0-0: Called Strike 0-1: Foul Ball, location: 2F 0-2: Ball 1-2: Ball 2-2: Foul Ball, location: 2F 2-2: Ball 3-2: Base on Balls Lawrence Farley to second
|
Batting: RHB Kyle Vélez
|
0-0: Fly out, F8 (Flyball, 89M)
|
Batting: RHB Jorge Guzmán
|
0-0: Swinging Strike 0-1: Foul Ball, location: 2F 0-2: Ball 1-2: Strikes out looking
|
Top of the 9th over - 0 runs, 0 hits, 0 errors, 2 left on base; Montgomery 2 - BlackIron 9 |
|